 Dungeon Crawl Stone Soup version 0.28-a0-724-g66f9036eb4 (webtiles) character file.

Game seed: 16337992811430343467

4232 flotson the Fighter (level 10, -3/80 HPs)
             Began as a Demonspawn Delver on Oct 26, 2021.
             Was an Initiate of Gozag.
             Slain by a death yak (21 damage)
             ... on level 8 of the Dungeon.
             The game lasted 00:18:03 (9541 turns).

flotson the Fighter (Demonspawn Delver)             Turns: 9541, Time: 00:18:04

Health: -3/80      AC: 23    Str: 15    XL:     10   Next: 9%
Magic:  10/10      EV: 13    Int: 13    God:    Gozag
Gold:   893        SH:  4    Dex: 14    Spells: 9/9 levels left

rFire   . . .      SeeInvis .   a - +3 quarterstaff (chaos)
rCold   . . .      Faith    .   (shield currently unavailable)
rNeg    . . .      Spirit   .   v - +0 ring mail
rPois   .          Reflect  .   (no helmet)
rElec   .          Harm     .   t - +0 cloak
rCorr   .          Rampage  ∞   y - +0 pair of gloves
Will    .....                   N - +3 pair of seven-league boots {Rampage+∞}
Stlth   ++........              (no amulet)
HPRegen 0.23/turn               I - +4 ring of protection
MPRegen 0.12/turn               H - +4 ring of protection

@: gold aura
A: sharp scales 2, condensation shield
a: Renounce Religion, Potion Petition, Call Merchant, Bribe Branch


You were on level 8 of the Dungeon.
You worshipped Gozag.
Gozag was pleased with you.
You visited 2 branches of the dungeon, and saw 9 of its levels.
You also visited: Bailey.

You collected 972 gold pieces.
You paid 79 gold pieces to Gozag.

Inventory:

Hand Weapons
 a - a +3 quarterstaff of chaos (weapon)
 b - a +0 arbalest
Missiles
 h - 54 poisoned darts (quivered)
 j - 6 throwing nets
 l - a curare-tipped dart
 z - 19 bolts
 D - 5 datura-tipped darts
Armour
 t - a +0 cloak (worn)
 v - a +0 ring mail (worn)
 y - a +0 pair of gloves (worn)
 N - the +3 pair of seven-league boots (worn) {Rampage+∞}
   (You found it in a bailey)

   Its wearer moves as far as possible in that direction when moving towards
   enemies.
 O - the +1 plate armour of Makhleb's Displeasure {Contam rPois Dex+2}
   (You found it in a bailey)

   Dex:       It affects your dexterity (+2).
   rPois:     It protects you from poison.
   Contam:    It causes magical contamination when unequipped.
Jewellery
 k - a ring of protection from cold
 H - a +4 ring of protection (right hand)
 I - a +4 ring of protection (left hand)
 K - a ring of protection from fire
Wands
 g - a wand of digging (4)
 r - a wand of flame (4)
 L - a wand of iceblast (8)
Scrolls
 c - 3 scrolls of fog
 d - a scroll of magic mapping
 e - a scroll of fear
 i - a scroll of summoning {unknown}
 m - a scroll of silence {unknown}
 n - a scroll of acquirement {unknown}
 p - a scroll of vulnerability {unknown}
 u - a scroll of blinking {unknown}
 x - a scroll of enchant armour {unknown}
 A - a scroll of amnesia {unknown}
 B - 2 scrolls of teleportation {unknown}
 C - a scroll of holy word {unknown}
 E - a scroll of noise {unknown}
 G - a scroll of enchant weapon {unknown}
 J - a scroll of torment {unknown}
Potions
 f - a potion of cancellation
 q - a potion of heal wounds
 s - 3 potions of curing
 w - a potion of might
 F - a potion of resistance
 M - a potion of lignification {unknown}


   Skills:
 + Level 8.0 Fighting
 - Level 1.7 Axes
 + Level 6.5 Throwing
 + Level 6.5 Armour
 + Level 7.0 Dodging
 - Level 4.5 Stealth


You had 9 spell levels left.
You didn't know any spells.
Your spell library contained the following spells:

 Spells                   Type           Power      Damage    Failure   Level
 Slow                     Hex            0%         N/A       63%         2
 Confusing Touch          Hex            0%         N/A       86%         3
 Yara's Violent Unravell  Hex/Tmut       0%         3d3       100%        5


Dungeon Overview and Level Annotations

Branches:
Dungeon (8/15)             Temple (1/1) D:5            Lair (0/6) D:8
 Bailey (visited)

Altars:
Ashenzari
Cheibriados
Dithmenos
Elyvilon
Fedhas
Gozag
Hepliaklqana
Kikubaaqudgha
Makhleb
Nemelex Xobeh
Okawaru
Qazlal
Ru
Trog
Uskayaw
Vehumet
Wu Jian
Xom
Yredelemnul
Zin
The Shining One
Beogh

Annotations:
D:8 Harold


Innate Abilities, Weirdness & Mutations

You are mostly covered in razor-sharp scales. (AC +2, Slay +2)
A meltable shield of frost defends you. (SH +4)


Message History

The death yak is no longer distracted by gold.
The death yak is lightly wounded.
The death yak completely misses you.
The gnoll hits you from afar with a +0 halberd.
The gnoll sergeant barely misses you. The death yak gores you.
The gnoll sergeant closely misses you.
The gnoll hits you from afar with a +0 halberd.
You hit the death yak but do no damage.
The death yak is lightly wounded.
You block the death yak's attack. The gnoll sergeant barely misses you.
The gnoll closely misses you.
Harold the Weathered comes into view.
He is wielding a +0 flail.
Unknown command.
You hit the death yak but do no damage.
The death yak goes berserk!
The death yak is lightly wounded.
The death yak misses you. The gnoll misses you. The death yak gores you!!
Unknown command.
You sock the death yak! You burn the death yak.
The death yak is moderately wounded.
The death yak gores you!!
* * * LOW HITPOINT WARNING * * *
The death yak misses you.
Unknown command.
You are too injured to fight recklessly!
You are too injured to fight recklessly!
Unknown command.
The rat is distracted by your dazzling golden aura.
You hear a shout!
You see here 8 gold pieces.
As you read the scroll of fear, it crumbles to dust.
You assume a fearsome visage.
The river rat looks frightened!
The hell rat looks frightened!
The death yak resists with some effort.
The river rat looks frightened!
The hell rat looks frightened!
The river rat looks frightened!
The rat looks frightened!
The death yak looks frightened!
The death yak is unaffected.
Harold resists with some effort.
The gnoll sergeant looks frightened!
The gnoll looks frightened! x3; The death yak closely misses you.
The death yak gores you!!
You die...
Your body crumbles into a pile of gold.

,,,,,,,,,,,,,,,,,##+#+###** #....
,,,,,,...$,,,,,*,,,,*,******#..#.
,,,,,,....*,****,,,,*,,,,,.....#.
,,,,,,....r,*,,,,,,,*****##.#..#.
,,,,,,,#.$.,,,,,,,,,,,,,,......#.
,,,,,,,,#...****,,,******#.#####.
,,,,,,>r#.rr###***** #.......
,,,,,,....@..g###################
,,,,,*....rggYYY@................
,*,,,,....r.r####################
,,,,,,.....r#* ##############...
,,,*,,....##* #................
,,,*,*...,* #................
,,,*,*##*,* #.......>........
,,,*,* *,* ######...........
*#.#,* *,* #.....###'## ,#.#,*
*,* #.....# #.#


You could see 3 death yaks, Harold, a gnoll sergeant (fleeing), 3 hell rats, 2
gnolls, a river rat (fleeing) and a rat (fleeing).

Vanquished Creatures
  A two-headed ogre (D:7)
  2 orc knights (Bailey)
  A steam dragon (D:7)
  An ice beast (D:7)
  A sky beast (D:8)
  3 black bears
  3 orc warriors (Bailey)
  2 necrophages
  2 ogres
  3 phantoms
  Blork the orc (D:6)
  4 bullfrogs
  A kobold brigand (D:8)
  2 scorpions
  A water moccasin zombie (D:5)
  A wyvern skeleton (D:7)
  2 water moccasin skeletons
  2 electric eels (D:6)
  2 howler monkeys (D:8)
  2 orc priests
  Crazy Yiuf (D:2)
  A centaur skeleton (D:7)
  2 iguanas
  4 orc wizards
  A killer bee zombie (D:5)
  A hound skeleton (D:5)
  3 gnolls (D:4)
  8 adders
  3 white imps
  3 worms
  A dart slug (D:1)
  35 orcs
  5 ball pythons
  9 bats
  2 endoplasms
  4 giant cockroaches
  3 hobgoblins
  3 jackals (D:2)
  6 kobolds
  7 quokkas
  3 frilled lizards
  6 goblins
  4 rats
152 creatures vanquished.

Vanquished Creatures (others)
  7 plants (D:6)
7 creatures vanquished.

Grand Total: 159 creatures vanquished

Notes
Turn   | Place    | Note
-------+----------+-------------------------------------------
     0 | D:5      | flotson the Demonspawn Delver began the quest for the Orb.
     0 | D:5      | Reached XP level 1. HP: 18/18 MP: 1/1
    45 | D:3      | Found an ornate altar of the Wu Jian Council.
   203 | D:3      | Gained mutation: A meltable shield of frost defends you.
                  | (SH +4) [demonic ancestry]
   203 | D:3      | Reached XP level 2. HP: 7/24 MP: 2/2
   560 | D:2      | Reached skill level 1 in Throwing
   560 | D:2      | Reached skill level 1 in Armour
   560 | D:2      | Gained mutation: You are partially covered in razor-sharp
                  | scales. (AC +1, Slay +1) [demonic ancestry]
   560 | D:2      | Reached XP level 3. HP: 18/29 MP: 3/3
  1944 | D:2      | Reached XP level 4. HP: 35/35 MP: 4/4
  2257 | D:2      | Found a runed translucent door.
  2258 | D:2      | Noticed Crazy Yiuf
  2398 | D:2      | Killed Crazy Yiuf
  2628 | D:3      | Gained mutation: You are mostly covered in razor-sharp
                  | scales. (AC +2, Slay +2) [demonic ancestry]
  2628 | D:3      | Reached XP level 5. HP: 38/42 MP: 5/5
  2643 | D:3      | Reached skill level 4 in Fighting
  2946 | D:3      | Found a faded altar of an unknown god.
  3254 | D:4      | Reached XP level 6. HP: 48/48 MP: 6/6
  4019 | D:5      | Reached XP level 7. HP: 50/55 MP: 7/7
  4116 | D:5      | Reached skill level 5 in Fighting
  4255 | D:5      | Found a faded altar of an unknown god.
  4265 | D:5      | Found a radiant altar of Vehumet.
  4266 | D:5      | Found a sacrificial altar of Ru.
  4521 | D:5      | You fall into a shaft and drop 1 floor!
  4620 | D:5      | Found a staircase to the Ecumenical Temple.
  4648 | Temple   | Entered the Ecumenical Temple
  4781 | Temple   | Became a worshipper of Gozag Ym Sagoz the Greedy
  4827 | D:5      | Reached XP level 8. HP: 62/63 MP: 8/8
  5943 | D:6      | Reached skill level 5 in Dodging
  6204 | D:6      | Reached skill level 6 in Fighting
  6254 | D:6      | Noticed Blork the orc
  6265 | D:6      | Killed Blork the orc
  6579 | D:7      | Reached skill level 5 in Throwing
  6579 | D:7      | Reached skill level 5 in Armour
  6633 | D:7      | Noticed a two-headed ogre
  6680 | D:7      | Killed a two-headed ogre
  6681 | D:7      | Reached XP level 9. HP: 21/71 MP: 9/9
  7208 | D:7      | Reached skill level 7 in Fighting
  8520 | D:8      | Found a flagged portal.
  8529 | Bailey   | Entered a bailey
  8755 | Bailey   | Noticed an orc knight
  8755 | Bailey   | Noticed an orc knight
  8778 | Bailey   | Killed an orc knight
  8797 | Bailey   | Killed an orc knight
  8798 | Bailey   | Reached XP level 10. HP: 80/80 MP: 10/10
  8835 | Bailey   | Found the +3 pair of seven-league boots {Rampage+∞}
  8845 | Bailey   | Identified the +1 plate armour of Makhleb's Displeasure
                  | {Contam rPois Dex+2}
  9277 | D:8      | Reached skill level 8 in Fighting
  9529 | D:8      | Found a staircase to the Lair.
  9529 | D:8      | Noticed a death yak
  9534 | D:8      | Noticed a death yak
  9535 | D:8      | Noticed a death yak
  9538 | D:8      | Noticed Harold
  9541 | D:8      | Slain by a death yak

Illustrated notes

Levels and vault maps discovered:
D:1:      eino_arrival_cavern_d, layout_loops_corners
D:2:      layout_rooms, chequers_serial_rivers_small_b, minmay_unequal,
          uniq_crazy_yiuf_cottage
D:3:      layout_loops_ring, mainiacjoe_overflow_concentric_impassable,
          hellmonk_ecumenical_altar_defaced_shrine, minmay_misc_feat_encased,
          kennysheep_doodads, hangedman_decor_points
D:4:      black_bear_nest_2, layout_basic, serial_park_tiny_2
D:5:      layout_gridville, chequers_temple_overflow_minitemple,
          minmay_temple_entry_waves
D:6:      layout_basic, serial_bayou_lagoon_a, uniq_blork_the_orc
D:7:      layout_layer_cave, serial_glass, glass_columns_a, glass_columns_a,
          glass_columns_a, item_on_display_a, due_unseen_surprise,
          minmay_strange_pillars
D:8:      layout_basic, dpeg_lair_monsters, enter_bailey_2, uniq_harold
Temple:   nicolae_temple_elliptical

Skill      XL: |  1  2  3  4  5  6  7  8  9 10 |
---------------+-------------------------------+-----
Dodging        | 2 3 4 6 7 |  7.0
Throwing       | 1 2 3 4 5 6 |  6.5
Armour         | 1 2 3 4 5 6 |  6.5
Fighting       | 4 5 6 7 8 |  8.0
Axes           | |  1.7
Stealth        | |  4.5

Action                   |  1- 3 |  4- 6 |  7- 9 | 10-12 || total
-------------------------+-------+-------+-------+-------++-------
Melee: Hand axe          |    15 |       |       |       ||    15
       Quarterstaff      |    92 |    96 |   138 |    37 ||   363
 Fire: Arbalest          |       |       |    81 |     5 ||    86
Throw: Dart              |       |     3 |    10 |       ||    13
Evoke: Wand              |       |       |     4 |       ||     4
  Use: Potion            |     1 |       |       |       ||     1
       Scroll            |       |       |     1 |     7 ||     8
 Stab: Sleeping          |    14 |     4 |     2 |       ||    20
       Paralysed         |       |       |     2 |       ||     2
       Distracted        |       |       |     1 |       ||     1
       Confused          |       |       |       |     1 ||     1
Armor: Leather armour    |    31 |    26 |       |       ||    57
       Ring mail         |       |    34 |    60 |    17 ||   111
Dodge: Dodged            |    71 |    74 |    86 |    19 ||   250
Block: Other             |    22 |    13 |    27 |     7 ||    69

Table legend: (Time is in decaauts)
 A = Elapsed time spent in this place.
 B = Non-inter-level travel time spent in this place.
 C = Inter-level travel time spent in this place.
 D = Time resting spent in this place.
 E = Time spent auto-exploring this place.
 F = Levels seen in this place.
 G = Mean time per level.
                   A        B        C        D        E       F      G
               +--------+--------+--------+--------+--------+-----+--------+
         Total |   9720 |   9087 |    633 |    369 |   7166 |  10 |  972.0 |
       Dungeon |   9076 |   8466 |    610 |    369 |   6755 |   8 | 1134.5 |
        Temple |    160 |    137 |     23 |      0 |    120 |   1 |  160.0 |
        Bailey |    483 |    483 |      0 |      0 |    291 |   1 |  483.0 |
               +--------+--------+--------+--------+--------+-----+--------+

Top non-repeatable levels by time:
     D:7: 2008 daAuts
     D:6: 1487 daAuts
     D:1: 1116 daAuts
     D:2: 1100 daAuts
     D:4: 931 daAuts
     D:3: 912 daAuts
     D:5: 884 daAuts
     D:8: 635 daAuts
  Bailey: 483 daAuts
  Temple: 160 daAuts
